 Dungeon Crawl Stone Soup version 0.29.1-2-gbd0b4ee654 (webtiles) character file.

Game seed: 10631860972902356046

104181 hilljack the Fighter (level 15, 0/132 HPs)
             Began as a Minotaur Transmuter on Nov 11, 2022.
             Was the Champion of Qazlal.
             Slain by a cyan ugly thing (11 damage)
             ... on level 14 of the Dungeon.
             The game lasted 01:14:14 (34579 turns).

hilljack the Fighter (Minotaur Transmuter)         Turns: 34579, Time: 01:14:15

Health: 0/132      AC: 13    Str: 18    XL:     15   Next: 91%
Magic:  0/25       EV: 16    Int: 16    God:    Qazlal [******]
Gold:   2362       SH: 13    Dex: 12    Spells: 18/29 levels left

rFire   + + +      SeeInvis .   l - +9 lance "Wyrmbane" {slay drac, rPois rF+ rC+ AC+3}
rCold   + . .      Faith    .   M - +0 buckler
rNeg    . . .      Spirit   +   s - +2 robe {Archmagi}
rPois   +          Reflect  .   j - +2 hat
rElec   .          Harm     .   g - +0 cloak {rPois}
rCorr   .          Rampage  .   L - +1 pair of gloves {Str+3}
Will    ++...      Archmagi +   u - +0 pair of boots
Stlth   +.........              y - amulet of guardian spirit
HPRegen 0.32/turn               C - ring of protection from fire
MPRegen 0.19/turn               G - ring of willpower

@: wereblooded, protected from fire, repel missiles
A: horns 2, retaliatory headbutt
a: Renounce Religion, Upheaval, Elemental Force, Disaster Area


You were on level 14 of the Dungeon.
You worshipped Qazlal.
Qazlal was exalted by your worship.
You visited 4 branches of the dungeon, and saw 22 of its levels.
You also visited: Bailey and Ice Cave.

You collected 2896 gold pieces.
You spent 534 gold pieces at shops.

Inventory:

Hand Weapons
 l - the +9 lance "Wyrmbane" (weapon) {slay drac, rPois rF+ rC+ AC+3}
   (You took it off Maggie on level 6 of the Dungeon)

   It inflicts extra damage against dragons and draconians.
   AC:        It affects your AC (+3).
   rF:        It protects you from fire.
   rC:        It protects you from cold.
   rPois:     It protects you from poison.
Missiles
 w - 5 silver javelins
Armour
 g - a +0 cloak of poison resistance (worn)
 j - a +2 hat (worn)
 s - a +2 robe of the Archmagi (worn)
 u - a +0 pair of boots (worn)
 B - a +2 robe of fire resistance
 E - a +2 robe of positive energy
 L - a +1 pair of gloves of strength (worn)
 M - a +0 buckler (worn)
Jewellery
 v - an amulet of the acrobat
 y - an amulet of guardian spirit (around neck)
 C - a ring of protection from fire (left hand)
 G - a ring of willpower (right hand)
 O - a ring of fire
Wands
 b - a wand of polymorph (4)
 c - a wand of quicksilver (2)
 e - a wand of flame (5)
Scrolls
 a - a scroll of poison
 f - 2 scrolls of fear
 h - 5 scrolls of butterflies
 m - 4 scrolls of teleportation
 p - a scroll of immolation
 z - 7 scrolls of identify
 F - 2 scrolls of magic mapping
 J - a scroll of silence
 K - a scroll of blinking
Potions
 d - 5 potions of curing
 i - 6 potions of mutation
 k - 2 potions of haste
 n - 3 potions of lignification
 o - 2 potions of brilliance
 q - a potion of attraction
 t - 2 potions of magic
 A - 3 potions of heal wounds
 D - 3 potions of ambrosia
 H - 2 potions of might
 I - 4 potions of flight
 P - a potion of berserk rage
Miscellaneous
 x - a box of beasts


   Skills:
 - Level 12.0 Fighting
 - Level 12.0 Polearms
 - Level 12.0 Dodging
 + Level 6.6 Shields
 - Level 10.9 Unarmed Combat
 - Level 7.5 Spellcasting
 - Level 9.0 Transmutations
 - Level 11.0 Ice Magic
 - Level 10.0 Invocations


You had 18 spell levels left.
You knew the following spells:

 Your Spells              Type           Power      Damage    Failure   Level
a - Beastly Appendage     Tmut           100%       N/A       1%          1
b - Wereblood             Tmut           51%        N/A       1%          2
c - Spider Form           Tmut/Pois      30%        N/A       7%          3
d - Ice Form              Ice/Tmut       55%        N/A       2%          4
e - Apportation           Tloc           18%        N/A       16%         1

Your spell library contained the following spells:

 Spells                   Type           Power      Damage    Failure   Level
 Ensorcelled Hibernation  Hex/Ice        70%        N/A       2%          2
 Blade Hands              Tmut           25%        N/A       10%         5
 Poisonous Vapours        Pois/Air       18%        N/A       22%         2
 Inner Flame              Hex/Fire       9%         N/A       41%         3
 Alistair's Intoxication  Tmut/Pois      20%        N/A       54%         5
 Irradiate                Conj/Tmut      15%        3d16      54%         5
 Airstrike                Air            4%         2d(1-17)  83%         4
 Anguish                  Hex/Necr       4%         N/A       83%         4
 Cause Fear               Hex            4%         N/A       83%         4
 Corpse Rot               Necr/Pois/Air  9%         N/A       83%         4
 Summon Lightning Spire   Summ/Air       9%         N/A       83%         4
 Dragon Form              Tmut           25%        N/A       97%         7
 Lightning Bolt           Conj/Air       4%         1d16      99%         5
 Discord                  Hex            4%         N/A       100%        8


Dungeon Overview and Level Annotations

Branches:
Dungeon (14/15) Zot: 26795  Temple (1/1) D:5 Zot: 5977    Lair (5/5) D:8 Zot: 20116
 Shoals (0/4) Lair:3       Spider (0/4) Lair:2        Slime (0/5) Lair:4
    Orc (2/2) D:9 Zot: 9098     Elf (0/3) Orc:2        Bailey (visited)
  IceCv (visited)
 Vaults: D:13-14

Altars:
Ashenzari
Cheibriados
Dithmenos
Elyvilon
Fedhas
Gozag
Hepliaklqana
Kikubaaqudgha
Makhleb
Nemelex Xobeh
Okawaru
Qazlal
Ru
Sif Muna
Trog
Uskayaw
Vehumet
Wu Jian
Xom
Yredelemnul
Zin
The Shining One

Shops:
D:6 *   Orc:2 (??(

Portals:
Trove: D:13 (give 17 potions of curing)

Annotations:
D:8 2 runed translucent doors, warborn304's ghost, novice MiBe
D:9 exclusion: ice statue
D:11 2 transporters, funnyparkerb's ghost, journeyman TrFi
Lair:2 6 runed translucent doors
Lair:3 1 runed translucent door, Ceyvaan's ghost, journeyman DEFE


Innate Abilities, Weirdness & Mutations

You have a pair of horns on your head.
You reflexively headbutt those who attack you in melee.


Message History

The red ugly thing bites you!
* * * LOW HITPOINT WARNING * * *
You are engulfed in flames.
You resist.
Your resistance to electricity fades away.
You feel protected from fire.
* * * LOW HITPOINT WARNING * * *
You puncture the red ugly thing! You headbutt the red ugly thing.
The red ugly thing is moderately wounded.
You block the cyan ugly thing's attack.
You puncture the red ugly thing!
Your headbutt misses the red ugly thing.
The red ugly thing is heavily wounded.
The red ugly thing bites you!
* * * LOW HITPOINT WARNING * * *
You are engulfed in flames.
You resist.
* * * LOW HITPOINT WARNING * * *
You puncture the red ugly thing!
The red ugly thing is heavily wounded.
You howl as the wereblood boils in your veins!
The cyan ugly thing tentacle-slaps you but does no damage.
The red ugly thing bites you but does no damage.
You puncture the red ugly thing!
The red ugly thing is severely wounded.
You puncture the red ugly thing!
The red ugly thing is almost dead.
You block the cyan ugly thing's attack.
The red ugly thing basks in the mutagenic energy from its kin and changes!
You puncture the cyan ugly thing!
You feel a bit better.
You kill the cyan ugly thing!
Qazlal accepts your kill.
You impale the cyan ugly thing!!
The cyan ugly thing is moderately wounded.
The cyan ugly thing is struck by lightning.
The cyan ugly thing barely misses you.
You puncture the cyan ugly thing!
The cyan ugly thing is heavily wounded.
The cyan ugly thing tentacle-slaps you!
* * * LOW HITPOINT WARNING * * *
The cyan ugly thing shocks you!
You die...

..<............
...............
#............##
..............## ..
.............# #.
#.°°.☼......## #..
..##.○°☼.....#..# #..
......†@.○..###.####...
..<....u§°...#...##....#
......?°..$...#.........
...............##.....##
....?......†..####...###
#.#............#........
...................#....
..............##..#..##
.............$....##..#


You could see a cyan ugly thing.

Vanquished Creatures
  A frost giant (IceCv)
  An orc warlord (Orc:2)
  An ettin (Orc:1)
  Snorg (Lair:4)
  Josephine (Lair:4)
  2 catoblepae
  11 hydras
  3 boulder beetles
  Erica (D:8)
  7 two-headed ogres
  3 centaur warriors
  3 orc high priests (Orc:2)
  13 death yaks
  A shock serpent (shapeshifter) (D:13)
  Urug (Lair:4)
  Lodul (D:13)
  A goliath frog (Lair:5)
  Pikel (D:5)
  A deep elf pyromancer (D:14)
  6 ugly things
  7 orc knights
  A wolf spider (Lair:2)
  2 cyclopes
  6 orc sorcerers
  4 manticores
  7 elephants
  7 black mambas
  19 cane toads
  2 kobold demonologists
  An ice statue (IceCv)
  2 gargoyles
  Maggie (D:6)
  16 rime drakes
  6 komodo dragons
  7 ice devils (D:9)
  An efreet (D:14)
  5 polar bears
  6 trolls
  3 tyrant leeches (Lair:5)
  A hornet (D:9)
  15 blink frogs
  2 tarantellas (Lair:2)
  5 slime creatures (D:12)
  A snapping turtle (Lair:3)
  11 dream sheep
  3 culicivoras (Lair:2)
  A jumping spider (Lair:2)
  A shadow (D:13)
  A centaur simulacrum (D:14)
  7 wraiths
  9 wyverns
  7 basilisks
  80 yaks
  9 vampire mosquitoes
  A steam dragon (D:9)
  A redback (Lair:2)
  Menkaure (D:7)
  6 wargs
  Edmund (D:4)
  13 water moccasins
  3 acid dragons
  29 orc warriors
  6 black bears
  2 ice beasts
  27 wolves
  4 centaurs (D:9)
  14 ogres
  A phantom (D:6)
  4 kobold brigands (Bailey)
  2 lemures (D:5)
  13 bullfrogs
  A necrophage (D:6)
  2 gnoll sergeants
  3 scorpions
  19 wights
  4 electric eels
  5 howler monkeys
  3 lava snakes (Lair:4)
  4 crimson imps (D:7)
  A hound (D:6)
  A gnoll bouda (Orc:1)
  16 orc priests
  14 jellies
  Crazy Yiuf (D:7)
  An iguana (D:7)
  19 orc wizards
  17 hell rats
  13 gnolls
  6 adders
  3 river rats
  2 shadow imps
  A white imp (D:5)
  7 ufetubi
  2 worms
  2 dart slugs
  50 orcs
  4 bat zombies (D:5)
  7 endoplasms
  7 goblins
  9 hobgoblins
  6 jackals
  A quokka (D:2)
  6 ball pythons
  3 bats
  18 kobolds
  11 rats
713 creatures vanquished.

Vanquished Creatures (collateral kills)
  2 orc sorcerers (Orc:2)
  2 orc warriors (Orc:2)
  An orc priest (Orc:2)
5 creatures vanquished.

Vanquished Creatures (others)
  An ugly thing (D:14)
  47 fungi
  129 plants
177 creatures vanquished.

Grand Total: 895 creatures vanquished

Notes
Turn   | Place    | Note
-------+----------+-------------------------------------------
     0 | D:1      | hilljack the Minotaur Transmuter began the quest for the
                  | Orb.
     0 | D:1      | Reached XP level 1. HP: 16/16 MP: 1/1
   397 | D:1      | Found a faded altar of an unknown god.
   439 | D:1      | Prayed at the altar of an unknown god.
   439 | D:1      | Became a worshipper of Qazlal Stormbringer
   439 | D:1      | Reached * piety under Qazlal
   505 | D:1      | Reached XP level 2. HP: 24/24 MP: 3/3
  1632 | D:2      | Learned a level 2 spell: Wereblood
  1948 | D:2      | Reached XP level 3. HP: 16/30 MP: 4/4
  2796 | D:2      | Reached ** piety under Qazlal
  2865 | D:2      | Reached XP level 4. HP: 28/37 MP: 3/5
  3159 | D:3      | Reached skill level 5 in Unarmed Combat
  3321 | D:3      | Reached XP level 5. HP: 18/45 MP: 6/6
  3325 | D:3      | HP: 2/45 [orc/+0 mace (7)]
  3527 | D:3      | Learned a level 3 spell: Spider Form
  4219 | D:4      | Found a shimmering blue altar of Sif Muna.
  4595 | D:4      | Noticed Edmund
  4612 | D:4      | Killed Edmund
  4613 | D:4      | Reached XP level 6. HP: 50/53 MP: 5/7
  4973 | D:4      | Found a sparkling altar of Nemelex Xobeh.
  5140 | D:4      | Reached skill level 5 in Fighting
  5140 | D:4      | Reached XP level 7. HP: 41/61 MP: 8/8
  5309 | D:4      | Learned a level 1 spell: Apportation
  5891 | D:5      | Entered Level 5 of the Dungeon
  5918 | D:5      | Found a glowing golden altar of the Shining One.
  6664 | D:5      | Identified the +0 scale mail of the Barracuda {Int+3}
  6977 | D:5      | Found an ancient bone altar of Kikubaaqudgha.
  7225 | D:5      | Found a staircase to the Ecumenical Temple.
  7236 | Temple   | Entered the Ecumenical Temple
  8265 | D:5      | Reached XP level 8. HP: 19/71 MP: 9/9
  8659 | D:6      | Found a sacrificial altar of Ru.
  8818 | D:6      | Reached skill level 10 in Unarmed Combat
  8876 | D:6      | Found Gozag's Platinum Reserve.
  8914 | D:6      | Noticed Pikel
  9123 | D:6      | Noticed Maggie
  9162 | D:6      | Killed Maggie
  9335 | D:5      | Killed Pikel
  9336 | D:5      | Reached XP level 9. HP: 77/82 MP: 10/10
  9519 | D:6      | Found an iron altar of Okawaru.
  9600 | D:6      | Found an opulent altar of Gozag.
 10077 | D:7      | Reached *** piety under Qazlal
 10081 | D:7      | Reached skill level 5 in Polearms
 10142 | D:7      | Noticed Menkaure
 10147 | D:7      | Killed Menkaure
 10148 | D:7      | Reached skill level 10 in Fighting
 10753 | D:7      | Found a runed translucent door.
 10754 | D:7      | Noticed Crazy Yiuf
 10952 | D:7      | Found a shimmering altar of Xom.
 10968 | D:7      | Reached XP level 10. HP: 93/93 MP: 11/11
 11146 | D:7      | Killed Crazy Yiuf
 11456 | D:8      | Found a hide-covered altar of Uskayaw.
 11501 | D:8      | Found a large runed translucent door.
 11501 | D:8      | Found a large runed translucent door.
 11502 | D:8      | Noticed warborn304's ghost (novice MiBe)
 11894 | D:8      | Found a staircase to the Lair.
 12087 | D:8      | Noticed Erica
 12110 | D:8      | Killed Erica
 12111 | D:8      | Reached skill level 10 in Polearms
 12268 | D:8      | Found a snail-covered altar of Cheibriados.
 12525 | D:8      | Reached skill level 1 in Invocations
 12785 | D:9      | Noticed an ice statue
 12791 | D:9      | Reached **** piety under Qazlal
 12863 | D:9      | Reached XP level 11. HP: 60/104 MP: 10/12
 13515 | D:9      | Reached skill level 5 in Invocations
 13906 | D:9      | Found a staircase to the Orcish Mines.
 14118 | D:10     | Entered Level 10 of the Dungeon
 14118 | D:10     | Noticed a two-headed ogre
 14118 | D:10     | Found a flagged portal.
 14123 | Bailey   | Entered a bailey
 14248 | Bailey   | Noticed an orc knight
 14285 | Bailey   | Killed an orc knight
 14385 | Bailey   | Found the +5 robe of Misfortune {Harm *Corrode *Slow EV+5}
 14386 | Bailey   | Found an iron altar of Okawaru.
 14403 | Bailey   | Identified the +4 plate armour of Gallantry {rPois rN+
                  | Slay+2}
 14423 | D:10     | Killed a two-headed ogre
 14435 | D:10     | Reached ***** piety under Qazlal
 14439 | D:10     | Noticed a two-headed ogre
 14457 | D:10     | Reached skill level 5 in Dodging
 14473 | D:10     | Killed a two-headed ogre
 14790 | D:10     | Found an ornate altar of the Wu Jian Council.
 14869 | D:10     | Noticed a two-headed ogre
 14877 | D:10     | Killed a two-headed ogre
 14878 | D:10     | Reached XP level 12. HP: 109/112 MP: 15/17
 15029 | D:10     | Noticed a two-headed ogre
 15042 | D:10     | Killed a two-headed ogre
 15234 | Lair:1   | Entered Level 1 of the Lair of Beasts
 15526 | Lair:1   | Noticed a four-headed hydra
 15536 | Lair:1   | Killed a four-headed hydra
 15981 | Lair:1   | Reached skill level 10 in Invocations
 16067 | Lair:1   | Learned a level 4 spell: Ice Form
 16585 | Lair:2   | Found a hole to the Spider Nest.
 16686 | Lair:2   | Reached skill level 10 in Dodging
 16723 | Lair:2   | Noticed a six-headed hydra
 16746 | Lair:2   | Killed a six-headed hydra
 16772 | Lair:2   | Found a runed translucent door.
 16882 | Lair:2   | Found a gate leading to a gauntlet.
 17768 | Lair:2   | Found a runed translucent gate.
 17769 | Lair:2   | Identified the +9 whip of Magigica {flame, Str+3 Stlth+}
 17769 | Lair:2   | Noticed a boulder beetle
 17770 | Lair:2   | Found a runed translucent gate.
 17771 | Lair:2   | Found a runed translucent gate.
 17771 | Lair:2   | Found a runed translucent gate.
 17771 | Lair:2   | Found a runed translucent gate.
 17771 | Lair:2   | Noticed a boulder beetle
 17794 | Lair:2   | Found a runed translucent gate.
 17835 | Lair:3   | Reached XP level 13. HP: 112/118 MP: 19/19
 18076 | Lair:3   | Found a frozen archway.
 18095 | IceCv    | Entered an ice cave
 18108 | IceCv    | Reached skill level 1 in Ice Magic
 18747 | IceCv    | Noticed a frost giant
 18785 | IceCv    | Killed a frost giant
 20130 | IceCv    | Reached skill level 5 in Transmutations
 21049 | Lair:3   | Found a runed translucent door.
 21049 | Lair:3   | Noticed Ceyvaan's ghost (journeyman DEFE)
 21647 | Lair:3   | Found a staircase to the Shoals.
 21673 | Lair:3   | Reached skill level 5 in Ice Magic
 22145 | Lair:4   | Noticed Snorg
 22211 | Lair:4   | Reached XP level 14. HP: 63/126 MP: 11/20
 22223 | Lair:4   | Noticed Urug
 22227 | Lair:5   | Entered Level 5 of the Lair of Beasts
 22720 | Lair:4   | Killed Snorg
 23303 | Lair:4   | Killed Urug
 23578 | Lair:4   | Noticed Josephine
 23586 | Lair:4   | Killed Josephine
 23878 | Lair:4   | Found a staircase to the Slime Pits.
 24649 | Lair:5   | Reached skill level 10 in Ice Magic
 25408 | Lair:4   | Reached skill level 5 in Spellcasting
 26123 | Lair:5   | Reached ****** piety under Qazlal
 27270 | Lair:5   | Identified the +0 ring mail of the Hidden Nightcaps
                  | {Rampage Slay+2}
 27945 | Lair:5   | Identified the +1 ring mail of the Tick {rC+ Int+2 Dex-2}
 28229 | Orc:1    | Entered Level 1 of the Orcish Mines
 28268 | Orc:1    | Reached XP level 15. HP: 100/132 MP: 17/22
 28805 | Orc:2    | Entered Level 2 of the Orcish Mines
 29125 | Orc:2    | Found Turebb's Antique Weapon Boutique.
 29415 | Orc:2    | Found a staircase to the Elven Halls.
 30778 | Orc:2    | Found Neitweol's Distillery.
 30783 | Orc:2    | Found Ynwar's Magic Scroll Shoppe.
 30789 | Orc:2    | Found Doecu's Magic Scroll Shoppe.
 30791 | Orc:2    | Found Seluyxt's Weapon Boutique.
 31048 | Orc:2    | Bought a scroll of butterflies for 40 gold pieces
 31048 | Orc:2    | Bought a scroll of fear for 40 gold pieces
 31048 | Orc:2    | Bought a scroll of poison for 40 gold pieces
 31048 | Orc:2    | Bought a scroll of butterflies for 40 gold pieces
 31056 | Orc:2    | Bought a scroll of teleportation for 45 gold pieces
 31056 | Orc:2    | Bought a scroll of immolation for 60 gold pieces
 31056 | Orc:2    | Bought a scroll of magic mapping for 112 gold pieces
 31056 | Orc:2    | Bought a scroll of enchant armour for 112 gold pieces
 31056 | Orc:2    | Bought a scroll of teleportation for 45 gold pieces
 31244 | Orc:1    | Noticed an orc warlord
 31254 | Orc:2    | Killed an orc warlord
 31897 | D:11     | Noticed funnyparkerb's ghost (journeyman TrFi)
 31928 | D:11     | Found a transporter.
 31949 | D:11     | Found a transporter.
 33681 | D:13     | Reached skill level 1 in Shields
 33751 | D:13     | Found a portal to a secret trove of treasure.
 33821 | D:13     | Noticed Lodul
 33835 | D:13     | Killed Lodul
 34367 | D:14     | Reached skill level 5 in Shields
 34433 | D:14     | Found a hazy altar of Hepliaklqana.
 34579 | D:14     | Slain by a cyan ugly thing

Illustrated notes

Levels and vault maps discovered:
D:1:      dpeg_arrival_simpleton_b, layout_loops_corners, serial_rivers,
          chequers_serial_rivers_room_a, chequers_serial_rivers_small_a,
          chequers_serial_rivers_micro_e, chequers_serial_rivers_room_a,
          chequers_serial_rivers_micro_c, chequers_serial_rivers_micro_b,
          hellmonk_ecumenical_altar_run_dry
D:2:      layout_basic, serial_bayou_pond_d
D:3:      layout_rooms, serial_curves, eino_curves_01, eino_curves_02
D:4:      layout_layer_cave, nemelex_xobeh_ov_fountains_minmay,
          mainiacjoe_overflow_boulevard, uniq_edmund
D:5:      layout_basic, lemuel_zombie_altar_kikubaaqudgha, tso_metal_star,
          temple_hall
D:6:      layout_gridville, nicolae_gozag_zags_fifth_avenue, lemuel_tele_altar,
          mainiacjoe_overflow_small_starburst, uniq_pikel, uniq_maggie
D:7:      layout_basic, led_xom_imps, uniq_crazy_yiuf_cottage, uniq_menkaure
D:8:      layout_gridville, eat_drink_and_be_merry_uskayaw, chei_slow_surprise,
          due_lair_maze_entry_diamond, ebering_ghost_disaster_area, uniq_erica
D:9:      cheibrodos_frozen_isle, layout_irregular_city, orc_0_dummy
D:10:     layout_rooms, mainiacjoe_overflow_alcove_4, enter_bailey_2,
          kennysheep_potato
D:11:     layout_loops_ring, gammafunk_ghost_stat_death
D:12:     layout_cave_pools
D:13:     layout_basic, enter_trove_2, serial_glass, glass_columns_a,
          glass_columns_a, uniq_lodul
D:14:     layout_cave_pools, hangedman_vaults_entry_quadrant_bands,
          minmay_misc_feat_rows, nicolae_hepliaklqana_hazy_memory
Temple:   minmay_freezing_vapour_temple
Lair:1:   layout_cellular_growth, serial_rivers, chequers_serial_rivers_micro_b,
          chequers_serial_rivers_micro_d, chequers_serial_rivers_small_a,
          chequers_serial_rivers_room_b
Lair:2:   gammafunk_indiana_jones, layout_regular_city,
          hellmonk_spider_entry_life_and_decay, gauntlet_entry_generic,
          wad_woods_03, serial_bayou_shore_a
Lair:3:   layout_long_grid, minmay_shoals_entry_hut,
          portal_ice_cave_entry_pillars_1, ebering_ghost_inner_flame,
          grunt_megastairs_3
Lair:4:   layout_layer_cave, minmay_slime_entry_jelly_boxes, special_room
          [special_room_mythical_zoo], chequers_serial_rivers_micro_d,
          nicolae_lair_liquid_snakes, uniq_snorg, uniq_urug, uniq_josephine
Lair:5:   minmay_lair_end_frog_pond, layout_misc_corridors,
          kennysheep_abandoned_house
Orc:1:    layout_caves
Orc:2:    st_orc_elflike, layout_caves, serial_shops,
          nicolae_shop_window_shopping

Skill      XL: |  1  2  3  4  5  6  7  8  9 10 11 12 13 14 15 |
---------------+----------------------------------------------+-----
Unarmed Combat | 4 5 6 7 9 10 | 10.9
Fighting       | 2 3 4 5 6 8 10 12 | 12.0
Polearms       | 3 7 11 12 | 12.0
Invocations    | 3 8 10 | 10.0
Dodging        | 6 11 12 | 12.0
Transmutations | 5 7 9 |  9.0
Spellcasting   | 4 5 7 |  7.5
Ice Magic      | 6 10 11 | 11.0
Shields        | 6 |  6.6

Action                   |  1- 3 |  4- 6 |  7- 9 | 10-12 | 13-15 || total
-------------------------+-------+-------+-------+-------+-------++-------
Melee: Unarmed           |    82 |   126 |   163 |       |   128 ||   499
       Headbutt          |    13 |    24 |    39 |   114 |   312 ||   502
       Punch             |     1 |    10 |    15 |    21 |    85 ||   132
       Lance             |       |       |   130 |   700 |  1309 ||  2139
       Kick              |       |       |       |    10 |    26 ||    36
 Cast: Wereblood         |       |     2 |     2 |    10 |    24 ||    38
       Apportation       |       |       |     1 |       |       ||     1
       Beastly Appendage |       |       |       |     2 |     3 ||     5
       Ice Form          |       |       |       |       |     7 ||     7
Invok: Upheaval          |     1 |     3 |       |       |     3 ||     7
       Disaster Area     |       |       |       |       |     4 ||     4
       Elemental Force   |       |       |       |       |     2 ||     2
Evoke: Wand              |       |       |     9 |    12 |    12 ||    33
  Use: Potion            |     3 |     2 |     2 |     2 |    11 ||    20
       Scroll            |       |     9 |    10 |     6 |    20 ||    45
 Stab: Distracted        |       |       |     1 |       |     1 ||     2
       Paralysed         |       |       |       |       |     5 ||     5
Armor: Robe              |     9 |       |    35 |    99 |   202 ||   345
       Skin              |     3 |       |     8 |       |    29 ||    40
       Leather armour    |       |    28 |    10 |       |       ||    38
Dodge: Dodged            |    51 |    43 |   114 |   175 |   574 ||   957
       Repelled          |       |       |       |     1 |    17 ||    18
Block: Other             |     2 |     6 |    36 |    73 |   263 ||   380
       Buckler           |       |       |       |       |    50 ||    50
